 Dungeon Crawl Stone Soup version 0.31-a0-986-g5e6e4ef867 (webtiles) character file.

Game seed: 12148850820973066416

2982 FakeRyeBread the Grappler (level 9, 0/89 HPs)
             Began as a Troll Fighter on Nov 9, 2023.
             Was a Believer of Wu Jian.
             Slain by a killer bee (6 damage)
             ... on level 7 of the Dungeon.
             The game lasted 00:13:52 (5397 turns).

FakeRyeBread the Grappler (Troll Fighter)           Turns: 5397, Time: 00:13:53

Health: 0/89       AC:  7    Str: 26    XL:     9   Next: 53%
Magic:  8/8        EV: 14    Int:  8    God:    Wu Jian [**....]
Gold:   336        SH: 14    Dex:  9    Spells: 8/8 levels left

rFire   . .          .
                       - Unarmed
rCold   . . .        b - +0 kite shield
rNeg    . . .        s - +2 robe
rPois   .            (helmet restricted)
rElec   .            g - +0 cloak
rCorr   .            (gloves unavailable)
SInv    .            (boots unavailable)
Will    .....        l - amulet of reflection
Stlth   +            t - +5 ring of evasion
HPRegen 1.14/turn    (no ring)
MPRegen 0.11/turn

%: reflection
@: lethally poisoned (0 -> -5)
A: large, unfitting armour, claws 3, regeneration 1, shaggy fur 1, tough skin 1
a: Renounce Religion, Wall Jump


You were on level 7 of the Dungeon.
You worshipped Wu Jian.
Wu Jian was pleased with you.
You visited 2 branches of the dungeon, and saw 8 of its levels.
You also visited: Sewer.

You collected 336 gold pieces.

Inventory:

Missiles
 h - 3 javelins
 n - 12 stones
 p - 44 poisoned darts
 r - 8 boomerangs (quivered)
 w - 3 datura-tipped darts
Armour
 b - a +0 kite shield (worn)
 g - a +0 cloak (worn)
 s - a +2 robe (worn)
Jewellery
 l - an amulet of reflection (around neck)
 t - a +5 ring of evasion (left claw)
Wands
 a - a wand of polymorph (6)
 q - a wand of flame (12)
 B - a wand of paralysis (8)
Scrolls
 i - a scroll of poison
 k - 3 scrolls of amnesia
 o - 7 scrolls of teleportation
 v - a scroll of immolation
 A - a scroll of revelation
Potions
 c - 3 potions of might
 d - a potion of invisibility {unknown}
 e - 4 potions of resistance {unknown}
 f - 2 potions of curing {unknown}
 j - a potion of lignification {unknown}
 m - a potion of attraction {unknown}
 u - a potion of magic {unknown}
 x - a potion of heal wounds {unknown}


   Skills:
 + Level 6.0 Fighting
 + Level 3.2 Dodging
 + Level 6.5 Shields
 * Level 9.5 Unarmed Combat


You had 8 spell levels left.
You didn't know any spells.
Your spell library contained the following spells:

 Spells                   Type           Power      Damage    Failure   Level
 Apportation              Tloc           0%         N/A       63%         1
 Necrotise                Necr           0%         1d4       63%         1
 Summon Small Mammal      Summ           0%         N/A       63%         1
 Tukima's Dance           Hex            0%         N/A       94%         3
 Passage of Golubria      Tloc           0%         N/A       100%        4
 Yara's Violent Unravell  Hex/Tmut       0%         3d3       100%        5


Dungeon Overview and Level Annotations

Branches:
Dungeon (7/15)             Temple (1/1) D:4           Sewer (visited)

Altars:
Ashenzari
Cheibriados
Dithmenos
Elyvilon
Fedhas
Hepliaklqana
Kikubaaqudgha
Okawaru
Qazlal
Ru
Sif Muna
Trog
Uskayaw
Vehumet
Wu Jian
Xom
Zin
The Shining One

Shops:
D:6 :

Annotations:
D:5 3 runed translucent doors, HilariousDeathArtist's ghost, novice DrHW; Zxelo's ghost, novice MiFi; arvidsem's ghost, novice MiFi; schwank's ghost, amateur GrFi


Innate Abilities, Weirdness & Mutations

You are too large for most types of armour.
You have claws for hands.
Your natural rate of healing is unusually fast.
You are covered in fur. (AC +1)
You have tough skin. (AC +1)


Message History

The killer bee is severely wounded.
You feel very sick.
The killer bee barely misses you. x2; You block the killer bee's attack.
The killer bee stings you but does no damage.
You block the ufetubus's attack. The ufetubus hits you.
* * * LOW HITPOINT WARNING * * *
You block the killer bee's attack. x2; The killer bee barely misses you.
The killer bee stings you but does no damage.
You claw the killer bee!
You kill the killer bee!
The Council accepts your kill.
You feel sick. The ufetubus slips past you! You block the ufetubus's attack. x2
The killer bee misses you. The killer bee stings you.
* * * LOW HITPOINT WARNING * * *
The killer bee stings you.
* * * LOW HITPOINT WARNING * * *
You are more poisoned.
The killer bee poisons you! The ufetubus barely misses you.
The ufetubus hits you but does no damage.
Your Fighting skill increases to level 6!
You lunge at the shadow imp.
You mangle the shadow imp!!
You kill the shadow imp!
The Council accepts your kill.
You spin and attack the killer bee.
You miss the killer bee.
You spin and attack the killer bee.
You claw the killer bee!
The killer bee is almost dead.
* * * LOW HITPOINT WARNING * * *
You feel very sick. You block the killer bee's attack.
The killer bee closely misses you. The killer bee barely misses you.
The killer bee stings you.
* * * LOW HITPOINT WARNING * * *
The killer bee closely misses you.
Things that are here:
a +2 whip of freezing; a +0 robe You spin and attack the killer bee.
You barely miss the killer bee.
* * * LOW HITPOINT WARNING * * *
You feel very sick. You block the killer bee's attack.
The killer bee closely misses you. The killer bee stings you.
You die...

.. #.#.# #.#.#
. #...# .. .
#.#.##... ..
#.......
####.####....#
........y....#
####...5y@####
#.###y.# ..
#...# #.
...... #
........
...........
............
.............


You could see 3 killer bees and an ufetubus.

Vanquished Creatures
  Pikel (D:7)
  Grinder (D:4)
  A steam dragon (D:6)
  Duvessa (D:5)
  An ice beast (D:6)
  A sky beast (D:6)
  3 ogres
  A centaur (D:6)
  2 lemures (D:6)
  4 kobold brigands (Sewer)
  3 scorpions (D:4)
  5 wights (D:6)
  Dowan (D:5)
  A killer bee (D:7)
  4 howler monkeys
  A jelly (D:5)
  4 hounds
  A sleepcap (D:5)
  3 iguanas
  Natasha (thrice) (D:4)
  10 gnolls
  10 adders
  2 river rats (Sewer)
  A shadow imp (D:7)
  An ufetubus (D:6)
  3 dart slugs
  8 orcs
  15 ball pythons
  7 bats
  2 endoplasms
  4 giant cockroaches
  7 goblins
  4 hobgoblins
  A jackal (Sewer)
  A quokka (D:1)
  8 frilled lizards
  9 kobolds
  5 rats
140 creatures vanquished.

Notes
Turn   | Place    | Note
-------+----------+-------------------------------------------
     0 | D:1      | FakeRyeBread the Troll Fighter began the quest for the Orb.
     0 | D:1      | Reached XP level 1. HP: 22/22 MP: 0/0
   186 | D:1      | Reached XP level 2. HP: 29/29 MP: 1/1
   737 | D:2      | Reached skill level 3 in Unarmed Combat
   737 | D:2      | Reached XP level 3. HP: 36/36 MP: 2/2
  1081 | D:3      | Reached XP level 4. HP: 33/44 MP: 3/3
  1106 | D:3      | Found a bloodstained altar of Trog.
  1421 | D:3      | Reached XP level 5. HP: 36/53 MP: 4/4
  1425 | D:3      | Reached skill level 4 in Unarmed Combat
  2086 | D:4      | Found a staircase to the Ecumenical Temple.
  2097 | Temple   | Entered the Ecumenical Temple
  2104 | Temple   | Became a worshipper of the Wu Jian Council
  2340 | D:4      | Found a glowing golden altar of the Shining One.
  2514 | D:4      | Reached XP level 6. HP: 57/61 MP: 5/5
  2581 | D:4      | Reached skill level 5 in Unarmed Combat
  2726 | D:4      | Noticed Natasha
  2731 | D:4      | Killed Natasha
  2814 | D:4      | Noticed Grinder
  2823 | D:4      | Killed Grinder
  2824 | D:4      | Reached XP level 7. HP: 70/70 MP: 6/6
  3174 | D:4      | Noticed Natasha
  3177 | D:4      | Killed Natasha
  3178 | D:4      | Reached skill level 6 in Unarmed Combat
  3286 | D:4      | Noticed Natasha
  3297 | D:4      | Killed Natasha
  3365 | D:5      | Entered Level 5 of the Dungeon
  3405 | D:5      | Noticed Duvessa
  3405 | D:5      | Noticed Dowan
  3434 | D:5      | Killed Duvessa
  3438 | D:5      | Killed Dowan
  3522 | D:5      | Found a glowing drain.
  3527 | Sewer    | Entered a sewer
  3588 | Sewer    | Reached * piety under Wu Jian
  3589 | Sewer    | Reached skill level 5 in Shields
  3589 | Sewer    | Reached XP level 8. HP: 79/79 MP: 7/7
  3759 | Sewer    | Reached skill level 7 in Unarmed Combat
  4306 | D:5      | Reached ** piety under Wu Jian
  4311 | D:5      | Reached skill level 5 in Fighting
  4354 | D:5      | Found a runed translucent gate.
  4354 | D:5      | Found a runed translucent gate.
  4354 | D:5      | Found a runed translucent gate.
  4357 | D:5      | Noticed HilariousDeathArtist's ghost (novice DrHW)
  4357 | D:5      | Noticed schwank's ghost (amateur GrFi)
  4358 | D:5      | Noticed Zxelo's ghost (novice MiFi)
  4358 | D:5      | Noticed arvidsem's ghost (novice MiFi)
  4765 | D:6      | Reached skill level 8 in Unarmed Combat
  4871 | D:6      | Found Fouqut's Vocational Training.
  4883 | D:6      | Reached XP level 9. HP: 63/88 MP: 8/8
  4927 | D:6      | Found a shimmering altar of Xom.
  5013 | D:6      | Reached skill level 9 in Unarmed Combat
  5209 | D:6      | Found a sacrificial altar of Ru.
  5370 | D:7      | Noticed Pikel
  5392 | D:7      | Killed Pikel
  5397 | D:7      | Slain by a killer bee

Illustrated notes

Levels and vault maps discovered:
D:1:      tarquinn_simple_flora_water_a, layout_rooms
D:2:      layout_loops_ring, minmay_pentomino_x2
D:3:      layout_loops_ring, lightli_temple_of_fire, st_stairs_6
D:4:      layout_loops_corners, nicolae_tso_swordbearing_angel,
          minmay_temple_entry_mini_moons, uniq_natasha, uniq_grinder
D:5:      layout_basic, portal_sewer_entry_e, gammafunk_ghost_cemetery,
          mrwooster_statue_mirror, uniq_duvessa
D:6:      layout_cave_pools, mainiacjoe_overflow_small_starburst,
          nicolae_ru_the_path_less_chosen, serial_glass, glass_columns_b,
          glass_columns_c, small_statue_alley_b, grunt_ministairs_1,
          serial_bayou_pond_a, nicolae_shop_vocational
D:7:      layout_rooms, mainiacjoe_overflow_concentric_impassable,
          lemuel_tele_altar, uniq_pikel, uniq_jeremiah
Temple:   eino_temple_lava

Skill      XL: |  1  2  3  4  5  6  7  8  9 |
---------------+----------------------------+-----
Shields        | 3 4 5 6 |  6.5
Unarmed Combat | 3 4 5 6 8 9 |  9.5
Fighting       | 3 4 5 6 |  6.0
Dodging        | 3 |  3.2

Action                     |  1- 3 |  4- 6 |  7- 9 || total
---------------------------+-------+-------+-------++-------
  Melee: Unarmed           |    84 |   124 |   272 ||   480
  Throw: Stone             |       |     4 |       ||     4
         Dart              |       |     1 |       ||     1
         Boomerang         |       |       |    15 ||    15
Ability: Lunge             |       |     5 |    16 ||    21
         Whirlwind         |       |       |     7 ||     7
  Evoke: Wand              |       |     2 |     1 ||     3
    Use: Scroll            |     6 |     1 |     4 ||    11
   Stab: Sleeping          |       |     1 |     1 ||     2
 Armour: Robe              |    45 |    57 |   105 ||   207
  Dodge: Dodged            |    27 |    31 |   104 ||   162
  Block: Kite shield       |    25 |    80 |   180 ||   285
         Reflection        |     1 |     6 |     6 ||    13

Table legend: (Time is in decaauts)
 A = Elapsed time spent in this place.
 B = Non-inter-level travel time spent in this place.
 C = Inter-level travel time spent in this place.
 D = Time resting spent in this place.
 E = Time spent auto-exploring this place.
 F = Levels seen in this place.
 G = Mean time per level.
                   A        B        C        D        E       F      G
               +--------+--------+--------+--------+--------+-----+--------+
         Total |   5409 |   4452 |    957 |     82 |   3166 |   9 |  601.0 |
       Dungeon |   4808 |   3863 |    945 |     82 |   2896 |   7 |  686.9 |
        Temple |     14 |      2 |     12 |      0 |      0 |   1 |   14.0 |
         Sewer |    586 |    586 |      0 |      0 |    270 |   1 |  586.0 |
               +--------+--------+--------+--------+--------+-----+--------+

Top non-repeatable levels by time:
     D:4: 1319 daAuts
     D:3: 825 daAuts
     D:2: 756 daAuts
     D:5: 753 daAuts
     D:6: 657 daAuts
   Sewer: 586 daAuts
     D:1: 464 daAuts
     D:7: 31 daAuts
  Temple: 14 daAuts
